 Dungeon Crawl Stone Soup version 0.32-a0-540-g866d13106e (webtiles) character file.

Game seed: 12360955730862583755

36 adelrune the Vexing (level 3, -1/26 HPs)
             Began as a Coglin Hexslinger on Feb 28, 2024.
             Slain by an adder (2 damage)
             ... on level 2 of the Dungeon.
             The game lasted 00:02:51 (888 turns).

adelrune the Vexing (Coglin Hexslinger)              Turns: 888, Time: 00:02:52

Health: -1/26      AC:  2    Str:  8    XL:     3   Next: 37%
Magic:  4/4        EV: 12    Int: 12    God:
Gold:   83         SH:  0    Dex: 18    Spells: 4/4 levels left

rFire   . . .        a - +1 sling {Huemac}
rCold   . . .        (no shield)
rNeg    . . .        c - +0 robe
rPois   .            (no helmet)
rElec   .            o - scarf {repulsion}
rCorr   .            (no gloves)
SInv    .            (no boots)
Will    .....        (no amulet)
Stlth   ++           (ring unavailable)
HPRegen 0.24/turn    (ring unavailable)
MPRegen 0.09/turn

%: repel missiles
@: revved
A: off-hand wielding, slow wielding, warmup strikes, no rings
a: no special abilities


You were on level 2 of the Dungeon.
You visited 1 branch of the dungeon, and saw 2 of its levels.

You collected 83 gold pieces.

Inventory:

Hand Weapons
 a - a +1 sling (weapon) {Huemac}
Armour
 c - a +0 robe (worn)
 o - a scarf of repulsion (worn)
Scrolls
 b - a scroll of poison
 e - a scroll of enchant weapon {unknown}
 g - a scroll of enchant armour {unknown}
 h - a scroll of identify {unknown}
 j - a scroll of teleportation {unknown}
 k - a scroll of immolation {unknown}
 l - a scroll of noise {unknown}
 n - a scroll of revelation {unknown}
Potions
 d - a potion of magic {unknown}
 f - a potion of curing {unknown}
 i - a potion of might {unknown}
 m - a potion of enlightenment {unknown}


   Skills:
 + Level 1.4 Fighting
 * Level 2.5 Ranged Weapons
 + Level 2.0 Dodging
 - Level 1.0 Spellcasting
 * Level 3.1 Hexes
 - Level 0.8 Fire Magic


You had 4 spell levels left.
You didn't know any spells.
Your spell library contained the following spells:

 Spells                   Type           Power      Damage    Failure   Level
 Jinxbite                 Hex            16%        N/A       13%         2
 Sigil of Binding         Hex            8%         N/A       26%         3
 Inner Flame              Hex/Fire       5%         N/A       36%         3
 Dazzling Flash           Conj/Hex       8%         N/A       43%         3
 Cause Fear               Hex            4%         N/A       63%         4
 Mephitic Cloud           Conj/Alch/Air  0%         N/A       65%         3
 Dimensional Bullseye     Hex/Tloc       2%         N/A       85%         4
 Silence                  Hex/Air        2%         N/A       99%         5
 Curse of Agony           Necr           0%         N/A       100%        5


Dungeon Overview and Level Annotations

Branches:
Dungeon (2/15)

Altars:


Innate Abilities, Weirdness & Mutations

You can wield a second weapon in your off-hand.
It takes a long time for you to wield or remove held weapons.
Your first few attacks do less damage.
Your grasper-arms cannot wear rings.


Message History

You are poisoned.
The adder poisons you!
You shoot a sling bullet.
The sling bullet closely misses the adder.
You feel sick. The adder bites you but does no damage.
The adder closely misses you.
You are too injured to fight recklessly!
You are too injured to fight recklessly!
You are too injured to fight recklessly!
You are too injured to fight recklessly!
You shoot a sling bullet. The sling bullet hits the adder.
The adder is heavily wounded.
You feel sick. The adder bites you. The adder barely misses you.
You shoot a sling bullet.
The sling bullet barely misses the adder.
You feel sick.
You are no longer poisoned.
The adder closely misses you.
You shoot a sling bullet.
The sling bullet closely misses the adder.
The adder bites you. The adder closely misses you.
You shoot a sling bullet.
The sling bullet barely misses the adder.
The adder bites you.
* * * LOW HITPOINT WARNING * * *
The adder bites you but does no damage.
You shoot a sling bullet.
The sling bullet barely misses the adder.
The adder bites you.
* * * LOW HITPOINT WARNING * * *
You shoot a sling bullet. The sling bullet hits the adder.
The adder is severely wounded.
The adder bites you.
* * * LOW HITPOINT WARNING * * *
The adder bites you.
* * * LOW HITPOINT WARNING * * *
You shoot a sling bullet.
The sling bullet closely misses the adder.
The adder misses you. The adder bites you.
You die...

#####.###
#..................
#......... ........
#.......# .......
#......< #......
##.....#######.#.#[#
#................#.#
#...S..######.......
#.#@................
#.#.###.............
#.#.# ##..⌠........†
#...####......#..#.#
##..#...............
#..#.##.....##..###
#..#.#............#
#..#.#.....##.###.#
#..#............#..


You could see an adder.

Vanquished Creatures
  An adder (D:2)
  A dart slug (D:1)
  4 bats (D:1)
  An endoplasm (D:1)
  A giant cockroach (D:2)
  A goblin (D:1)
  3 hobgoblins (D:1)
  3 quokkas (D:1)
  4 ball pythons
  4 frilled lizards
  A kobold (D:1)
  2 rats (D:1)
26 creatures vanquished.

Notes
Turn   | Place    | Note
-------+----------+-------------------------------------------
     0 | D:1      | adelrune the Coglin Hexslinger began the quest for the Orb.
     0 | D:1      | Reached XP level 1. HP: 15/15 MP: 2/2
   187 | D:1      | Reached XP level 2. HP: 21/21 MP: 3/3
   460 | D:1      | Reached skill level 3 in Hexes
   536 | D:1      | HP: 1/21 [quokka (5)]
   698 | D:2      | Reached XP level 3. HP: 26/26 MP: 4/4
   887 | D:2      | HP: 1/26 [adder (1)]
   888 | D:2      | Slain by an adder

Illustrated notes

Levels and vault maps discovered:
D:1:      minmay_arrival_stone_box, layout_loops_ring, minmay_pentomino_p2
D:2:      kb_forest_paths, layout_basic, dreamdust_wishing_well,
          hangedman_abyss_or_decor_stabs, kennysheep_minor_cross

Skill      XL: |  1  2 |
---------------+-------+-----
Ranged Weapons | 2 |  2.5
Hexes          | 3 |  3.1
Dodging        | 2 |  2.0
Fighting       | |  1.4
Spellcasting   | |  1.0
Fire Magic     | |  0.8

Action                     || total
---------------------------++-------
   Fire: Sling             ||   102
 Armour: Robe              ||    40
  Dodge: Dodged            ||    26

Table legend: (Time is in decaauts)
 A = Elapsed time spent in this place.
 B = Non-inter-level travel time spent in this place.
 C = Inter-level travel time spent in this place.
 D = Time resting spent in this place.
 E = Time spent auto-exploring this place.
 F = Levels seen in this place.
 G = Mean time per level.
                   A        B        C        D        E       F      G
               +--------+--------+--------+--------+--------+-----+--------+
         Total |    917 |    886 |     31 |    134 |    565 |   2 |  458.5 |
       Dungeon |    917 |    886 |     31 |    134 |    565 |   2 |  458.5 |
               +--------+--------+--------+--------+--------+-----+--------+

Top non-repeatable levels by time:
     D:1: 710 daAuts
     D:2: 207 daAuts
